 Dungeon Crawl Stone Soup version 0.31-a0-221-gbddc013574 (webtiles) character file.

Game seed: 3808325397814193747

173 benadryl the Magician (level 5, -7/28 HPs)
             Began as a Deep Elf Earth Elementalist on July 4, 2023.
             Mangled by an iguana (11 damage)
             ... on level 4 of the Dungeon.
             The game lasted 00:03:18 (2481 turns).

benadryl the Magician (Deep Elf Earth Elementalist) Turns: 2481, Time: 00:03:19

Health: -7/28      AC:  6    Str:  5    XL:     5   Next: 28%
Magic:  13/17      EV:  9    Int: 22    God:
Gold:   186        SH:  0    Dex: 15    Spells: 16/19 levels left

rFire   + . .        d - +0 dagger
rCold   . . .        (no shield)
rNeg    . . .        m - +1 robe of True Grit {rCorr Stlth+}
rPois   .            f - +2 helmet
rElec   .            (no cloak)
rCorr   +            (no gloves)
SInv    .            (no boots)
Will    .....        (no amulet)
Stlth   +++          j - ring of protection from fire
HPRegen 0.24/turn    (no ring)
MPRegen 0.15/turn

%: no passive effects
@: very slightly contaminated, constricted
A: no striking features
a: no special abilities


You were on level 4 of the Dungeon.
You visited 1 branch of the dungeon, and saw 4 of its levels.

You collected 186 gold pieces.

Inventory:

Hand Weapons
 d - a +0 dagger (weapon)
Armour
 f - a +2 helmet (worn)
 m - the +1 robe of True Grit (worn) {rCorr Stlth+}
   (You found it on level 3 of the Dungeon)

   rCorr:     It protects you from acid and corrosion.
   Stlth:     It makes you more stealthy.
Jewellery
 j - a ring of protection from fire (left hand)
Scrolls
 i - a scroll of teleportation {unknown}
Potions
 b - a potion of magic
 c - 3 potions of mutation
 e - 2 potions of brilliance
 g - a potion of lignification
 h - a potion of ambrosia
 l - a potion of curing {unknown}


   Skills:
 - Level 2.4 Dodging
 - Level 2.4 Stealth
 * Level 7.5 Spellcasting
 - Level 1.1 Transmutations
 - Level 3.2 Earth Magic


You had 16 spell levels left.
You knew the following spells:

 Your Spells              Type           Power      Damage    Failure   Level
a - Sandblast             Erth           44%        2d11      1%          1
b - Passwall              Tmut/Erth      14%        N/A       4%          2

Your spell library contained the following spells:

 Spells                   Type           Power      Damage    Failure   Level
 Stone Arrow              Conj/Erth      30%        3d8       12%         3
 Petrify                  Tmut/Erth      17%        N/A       32%         4


Dungeon Overview and Level Annotations

Branches:
Dungeon (4/15)
 Temple: D:4-7

Altars:
Okawaru
Zin


Message History

Aiming: Sandblast (safe; 1% risk of failure)
Press: ? - help, Q - select action, (/) - cycle Shift-Dir - straight line, f - iguana
Aim: an iguana (asleep, 100% to hit)
The blast of sand hits the iguana but does no damage.
The iguana hisses angrily.
Aiming: Sandblast (safe; 1% risk of failure)
Press: ? - help, Q - select action, (/) - cycle Shift-Dir - straight line, f/p - iguana
Aim: an iguana (85% to hit)
You miscast Sandblast.
You are very lightly contaminated with residual magic.
Nothing appears to happen.
The ball python hisses angrily.
The iguana bites you!
Aiming: Sandblast (safe; 1% risk of failure)
Press: ? - help, Q - select action, (/) - cycle Shift-Dir - straight line, f/p - iguana
Aim: an iguana (85% to hit)
The blast of sand hits the iguana!
The iguana is heavily wounded.
The iguana bites you!
* * * LOW HITPOINT WARNING * * *
Okay, then.
Okay, then.
Aiming: Sandblast (safe; 1% risk of failure)
Press: ? - help, Q - select action, (/) - cycle Shift-Dir - straight line, f/p - iguana
Aim: an iguana (heavily wounded, 85% to hit)
The blast of sand misses the iguana.
The ball python bites you but does no damage.
The ball python misses you. The iguana misses you.
The ball python bites you but does no damage.
The ball python grabs you. The ball python constricts you.
The iguana bites you.
* * * LOW HITPOINT WARNING * * *
Aiming: Sandblast (safe; 1% risk of failure)
Press: ? - help, Q - select action, (/) - cycle Shift-Dir - straight line, f/p - iguana
Aim: an iguana (heavily wounded, 85% to hit)
The blast of sand hits the iguana.
The iguana is severely wounded.
The ball python misses you. The ball python constricts you.
The iguana bites you!
You die...

.# ##### .##..#
..... ...#..#. ....
........ ####..#
...#..#
#......###.##..#
#..l@.?.....# .#
.[...#S........#
##.
...............#...
...###.............
##.......##.#
#.......##.#
#.........#
#######..## .#
##..##...#


You could see an iguana and a ball python.

Vanquished Creatures
  A phantom (D:4)
  An iguana (D:4)
  3 adders
  A white imp (D:4)
  A worm (D:2)
  A dart slug (D:2)
  2 endoplasms
  4 goblins
  4 hobgoblins
  3 jackals (D:3)
  6 kobolds
  2 ball pythons
  2 bats
  A frilled lizard (D:1)
  4 rats
36 creatures vanquished.

Notes
Turn   | Place    | Note
-------+----------+-------------------------------------------
     0 | D:1      | benadryl the Deep Elf Earth Elementalist began the quest
                  | for the Orb.
     0 | D:1      | Reached XP level 1. HP: 10/10 MP: 6/6
   102 | D:1      | Found a faded altar of an unknown god.
   455 | D:1      | Reached skill level 4 in Spellcasting
   455 | D:1      | Reached XP level 2. HP: 15/15 MP: 9/9
  1153 | D:2      | Reached XP level 3. HP: 19/19 MP: 9/11
  1156 | D:2      | Learned a level 2 spell: Passwall
  1210 | D:2      | Reached skill level 5 in Spellcasting
  1838 | D:3      | Found a glowing silver altar of Zin.
  1891 | D:3      | Identified the +1 robe of True Grit {rCorr Stlth+}
  2282 | D:4      | Reached skill level 6 in Spellcasting
  2282 | D:4      | Reached XP level 4. HP: 24/24 MP: 9/14
  2351 | D:4      | Noticed a phantom
  2362 | D:4      | Killed a phantom
  2363 | D:4      | Reached skill level 7 in Spellcasting
  2363 | D:4      | Reached XP level 5. HP: 28/28 MP: 9/17
  2464 | D:4      | Found an iron altar of Okawaru.
  2481 | D:4      | Mangled by an iguana

Illustrated notes

Levels and vault maps discovered:
D:1:      scummos_arrival_star, layout_loops_corners,
          ebering_ecumenical_altar_sacrificial
D:2:      layout_basic, nicolae_underground_beach
D:3:      layout_loops_cross, zin_statuary
D:4:      layout_loops_ring, mainiacjoe_overflow_alcove_2

Skill      XL: |  1  2  3  4 |
---------------+-------------+-----
Spellcasting   | 4 6 7 |  7.5
Dodging        | |  2.4
Stealth        | |  2.4
Transmutations | |  1.1
Earth Magic    | |  3.2

Action                     |  1- 3 |  4- 6 || total
---------------------------+-------+-------++-------
  Melee: Dagger            |     3 |       ||     3
         Unarmed           |     1 |       ||     1
   Cast: Sandblast         |    43 |    11 ||    54
    Use: Scroll            |     8 |       ||     8
 Armour: Robe              |     4 |     6 ||    10
  Dodge: Dodged            |    17 |     5 ||    22

Table legend: (Time is in decaauts)
 A = Elapsed time spent in this place.
 B = Non-inter-level travel time spent in this place.
 C = Inter-level travel time spent in this place.
 D = Time resting spent in this place.
 E = Time spent auto-exploring this place.
 F = Levels seen in this place.
 G = Mean time per level.
                   A        B        C        D        E       F      G
               +--------+--------+--------+--------+--------+-----+--------+
         Total |   2506 |   2404 |    102 |     50 |   1995 |   4 |  626.5 |
       Dungeon |   2506 |   2404 |    102 |     50 |   1995 |   4 |  626.5 |
               +--------+--------+--------+--------+--------+-----+--------+

Top non-repeatable levels by time:
     D:1: 792 daAuts
     D:2: 787 daAuts
     D:3: 715 daAuts
     D:4: 210 daAuts
